Map: [TLMC15] Berlingrad

Players

DPGZest (Zest)

  • Race: Protoss Protoss
  • League: Master

Serral - Winner!

  • Race: Zerg Zerg

Event: StayAtHome Story Cup #4

VOD

Have the link to the VOD?

Description

Time

  • Played on: Oct. 22, 2021, 7:42 a.m.
  • Length: 30:44

All games in this series

Show
View Real Time Build Order
Export as new Build Order

DPGZest Protoss 

Build Orders: 1 Gate Expand, Oracle Opening, Carriers 

Get SALT Encoding   

  12  0:00  Probe  
  13  0:12  Probe  
  14  0:19  Pylon  
  14  0:24  Probe  
  15  0:38  Probe (Chrono Boost)  
  15  0:40  Gateway  
  16  0:47  Probe (Chrono Boost)  
  17  0:50  Assimilator  
  17  0:52  Probe (Chrono Boost)  
  19  1:04  Probe  
  19  1:16  Probe  
  20  1:26  Nexus  
  20  1:36  Cybernetics Core  
  20  1:39  Probe  
  21  1:46  Assimilator  
  21  1:51  Probe  
  22  1:54  Pylon  
  22  2:03  Probe (Chrono Boost)  
  23  2:12  Adept  
  23  2:15  Probe (Chrono Boost)  
  26  2:17  Stargate  
  26  2:20  Probe (Chrono Boost)  
  27  2:26  Warp Gate  
  27  2:31  Probe (Chrono Boost)  
  28  2:38  Probe (Chrono Boost)  
  28  2:42  Adept  
  32  2:47  Probe x2 (Chrono Boost)  
  33  2:52  Probe (Chrono Boost), Void Ray (Chrono Boost)  
  33  2:54  Probe  
  35  3:04  Probe  
  40  3:06  Pylon, Probe  
  41  3:14  Gateway  
  41  3:16  Probe  
  41  3:18  Probe  
  43  3:25  Oracle (Chrono Boost)  
  43  3:28  Probe  
  43  3:30  Probe  
  48  3:41  Probe  
  49  3:42  Probe  
  49  3:47  Nexus  
  50  3:50  Pylon  
  50  3:53  Probe  
  50  3:54  Probe  
  52  3:56  Assimilator  
  52  4:02  Assimilator  
  52  4:05  Probe  
  52  4:07  Probe  
  54  4:17  Probe  
  54  4:19  Probe  
  54  4:21  Pylon  
  54  4:23  Protoss Air Weapons Level 1, Stargate  
  56  4:26  Pylon  
  56  4:27  Void Ray  
  56  4:29  Probe  
  56  4:31  Probe  
  58  4:37  Forge  
  62  4:41  Probe  
  62  4:43  Probe  
  64  4:51  Shield Battery  
  64  4:53  Probe  
  64  4:55  Probe  
  66  5:01  Probe (Chrono Boost)  
  66  5:04  Void Ray x2  
  66  5:05  Probe (Chrono Boost)  
  68  5:07  Probe (Chrono Boost)  
  68  5:13  Probe (Chrono Boost)  
  78  5:17  Probe (Chrono Boost)  
  78  5:18  Robotics Facility  
  78  5:19  Probe (Chrono Boost)  
  78  5:21  Probe (Chrono Boost)  
  81  5:22  Probe (Chrono Boost)  
  81  5:23  Probe (Chrono Boost)  
  81  5:24  Pylon  
  81  5:25  Assimilator  
  81  5:28  Probe, Assimilator  
  83  5:32  Probe  
  83  5:33  Probe  
  86  5:35  Pylon  
  86  5:38  Assimilator  
  86  5:40  Probe  
  87  5:43  Photon Cannon  
  87  5:44  Probe  
  87  5:45  Pylon, Probe  
  89  5:52  Probe  
  89  5:55  Adept  
  89  5:56  Probe  
  93  5:58  Stargate, Probe  
  93  5:59  Fleet Beacon  
  94  6:08  Observer  
  95  6:12  Gateway  
  95  6:13  Gateway  
  95  6:16  Robotics Bay  
  95  6:22  Pylon  
  95  6:33  Nexus  
  95  6:35  Pylon  
  95  6:37  Observer  
  96  6:50  Probe x2  
  96  6:51  Carrier x2 (Chrono Boost)  
  110  6:55  Protoss Ground Weapons Level 1 (Chrono Boost)  
  110  6:56  Photon Cannon  
  110  6:58  Shield Battery  
  110  6:59  Probe  
  117  7:02  Carrier (Chrono Boost), Probe  
  117  7:04  Observer  
  117  7:05  Photon Cannon  
  117  7:06  Probe  
  119  7:11  Probe  
  119  7:13  Pylon  
  119  7:14  Probe  
  121  7:18  Probe  
  122  7:23  Probe  
  122  7:26  Probe  
  124  7:30  Probe, Disruptor  
  124  7:31  Twilight Council  
  124  7:35  Probe  
  124  7:36  Gateway  
  124  7:37  Gateway  
  129  7:38  Probe  
  129  7:39  Gateway  
  129  7:40  Assimilator  
  129  7:42  Assimilator, Observer  
  130  7:45  Gateway  
  130  7:46  Gateway  
  130  7:50  Protoss Air Weapons Level 2 (Chrono Boost)  
  130  7:57  Photon Cannon  
  130  8:00  Carrier (Chrono Boost)  
  133  8:09  Charge  
  133  8:11  Probe  
  133  8:12  Probe  
  135  8:14  Disruptor  
  135  8:17  Photon Cannon  
  135  8:19  Pylon  
  138  8:29  Carrier (Chrono Boost)  
  138  8:32  Templar Archives  
  138  8:33  Gateway  
  138  8:34  Gateway  
  138  8:35  Gateway x2  
  138  8:42  Gateway, Pylon  
  138  8:43  Protoss Ground Weapons Level 2 (Chrono Boost)  
  138  8:45  Gateway  
  138  8:46  Photon Cannon, Shield Battery, Void Ray (Chrono Boost)  
  138  8:47  Warp Prism (Chrono Boost)  
  138  8:48  Pylon  
  138  8:55  Void Ray (Chrono Boost)  
  144  8:57  Flux Vanes  
  148  9:10  Sentry, High Templar x2  
  148  9:14  Sentry, Archon, Zealot  
  148  9:15  Gravitic Drive, Zealot x4  
  166  9:18  Pylon  
  166  9:20  Pylon  
  166  9:21  Pylon  
  166  9:32  Zealot x4  
  166  9:36  Zealot x2  
  166  9:37  Zealot x3  
  184  9:41  High Templar x2, Zealot  
  184  9:43  Pylon  
  190  9:46  Archon  
  188  10:00  Mothership (Chrono Boost)  
  196  10:09  Gravitic Boosters (Chrono Boost)  
  196  10:27  Protoss Air Weapons Level 3 (Chrono Boost)  
  196  10:41  Pylon  
  195  11:05  Protoss Ground Weapons Level 3 (Chrono Boost), Pylon, Nexus  
  195  11:13  Psionic Storm  
  173  11:31  Photon Cannon  
  173  11:32  Photon Cannon  
  165  11:34  Photon Cannon  
  165  11:35  Photon Cannon  
  165  11:36  Shield Battery  
  165  11:37  Shield Battery  
  165  11:41  Zealot  
  160  11:56  Carrier x2 (Chrono Boost)  
  160  12:03  Pylon  
  160  12:06  Carrier (Chrono Boost)  
  178  12:11  High Templar x4  
  178  12:12  High Templar x4  
  194  12:20  Assimilator  
  194  12:24  Assimilator  
  194  12:26  Blink, Observer  
  194  12:28  Photon Cannon  
  194  12:29  Photon Cannon  
  192  12:31  Photon Cannon  
  192  12:33  Photon Cannon  
  192  12:34  Photon Cannon  
  192  12:35  Observer  
  192  12:36  Shield Battery  
  193  13:02  Observer  
  181  13:34  High Templar x9  
  199  13:43  Archon x3  
  199  13:44  Archon  
  198  13:49  Observer (Chrono Boost)  
  191  14:47  Observer  
  162  15:59  Protoss Shields Level 1 (Chrono Boost)  
  162  16:00  Mothership (Chrono Boost)  
  162  16:02  Protoss Air Armor Level 1 (Chrono Boost)  
  166  16:22  Void Ray x3 (Chrono Boost)  
  184  16:30  Warp Prism (Chrono Boost)  
  172  16:34  High Templar x2  
  172  16:35  High Templar x2  
  182  16:42  Zealot  
  184  16:49  Void Ray (Chrono Boost)  
  188  17:07  High Templar x7  
  199  17:14  Archon x3  
  199  17:24  Pylon  
  193  17:37  Protoss Shields Level 2 (Chrono Boost)  
  193  17:39  Nexus  
  193  17:45  Dark Shrine  
  192  18:03  Protoss Air Armor Level 2 (Chrono Boost)  
  192  18:11  Observer (Chrono Boost)  
  193  18:25  Warp Prism (Chrono Boost)  
  178  18:28  High Templar x4  
  187  18:48  Zealot  
  188  20:02  Observer  
  188  20:06  Void Ray x2 (Chrono Boost)  
  169  20:08  Void Ray (Chrono Boost)  
  169  20:09  Dark Templar x2  
  169  20:10  Dark Templar x6  
  175  20:14  Dark Templar x7  
  175  20:19  Archon x5  
  175  20:20  Archon x2  
  192  20:45  Protoss Shields Level 3 (Chrono Boost)  
  192  20:51  Observer  
  192  20:52  Nexus  
  193  21:00  Protoss Air Armor Level 3 (Chrono Boost)  
  193  21:02  Pylon  
  193  21:08  Void Ray x2  
  167  21:31  Archon  
  122  21:33  Zealot x10  
  122  21:34  Zealot x3  
  140  21:40  Stalker  
  140  21:41  Stalker  
  129  21:54  Stalker x8  
  129  21:55  Stalker x5  
  153  22:10  Observer  
  115  22:23  Stalker x15  
  135  22:39  Observer (Chrono Boost)  
  136  22:50  Zealot x7  
  136  22:51  Zealot x8  
  156  23:32  Zealot  
  156  23:33  Zealot x12  
  156  23:34  Zealot x2  
  145  24:01  Zealot x3  
  145  24:02  Zealot x12  
  175  24:20  Pylon  
  175  24:27  Nexus  
  175  24:34  Nexus  
  123  24:57  Stalker x14  
  123  24:58  Stalker  
  130  25:07  Observer  
  122  25:25  Zealot x3  
  122  25:26  Zealot x12  
  144  25:47  Zealot x2, Observer  
  144  25:48  Zealot x13  
  93  27:22  Nexus  
  93  27:53  Zealot x4  
  22  30:14  Zealot x3  
  22  30:15  Zealot  
Show
View Real Time Build Order
Export as new Build Order

Serral Zerg - Winner!

Build Orders: Hatch First, Brood Lord Corruptor 

Get SALT Encoding   

  12  0:00  Drone  
  13  0:12  Overlord  
  13  0:17  Drone  
  14  0:30  Drone x2  
  16  0:42  Drone  
  17  0:51  Hatchery  
  17  0:54  Drone  
  17  0:58  Drone  
  18  1:08  Extractor  
  17  1:12  Spawning Pool  
  17  1:17  Drone  
  17  1:18  Drone  
  18  1:28  Drone  
  19  1:38  Drone  
  20  1:48  Overlord  
  20  2:00  Queen  
  22  2:04  Queen  
  22  2:05  Zergling x4  
  26  2:12  Drone, Metabolic Boost  
  26  2:14  Drone  
  28  2:21  Drone  
  29  2:24  Drone  
  30  2:40  Queen  
  30  2:42  Hatchery  
  31  2:44  Drone  
  31  2:46  Drone  
  31  2:50  Overlord  
  33  2:53  Drone  
  33  2:55  Drone  
  33  2:58  Drone  
  36  3:03  Overlord  
  36  3:10  Drone  
  36  3:11  Queen  
  39  3:13  Drone  
  39  3:15  Drone  
  39  3:17  Drone  
  42  3:21  Drone x2  
  42  3:22  Drone  
  42  3:26  Overlord  
  45  3:31  Queen  
  47  3:35  Drone  
  47  3:36  Drone  
  47  3:40  Zergling x6  
  52  3:45  Overlord  
  51  3:49  Zergling x2  
  51  3:51  Drone x3  
  55  3:55  Spore Crawler  
  55  3:57  Spore Crawler, Drone  
  55  3:58  Drone  
  55  4:00  Drone  
  56  4:03  Drone  
  56  4:06  Drone x2  
  59  4:12  Zergling x2  
  59  4:13  Drone x2  
  59  4:18  Drone x2  
  59  4:23  Queen  
  63  4:24  Spore Crawler  
  63  4:25  Drone  
  63  4:27  Drone x2  
  65  4:34  Roach Warren, Drone  
  65  4:38  Drone  
  66  4:39  Drone x3  
  69  4:46  Lair  
  69  4:48  Extractor  
  69  4:49  Drone x2, Extractor  
  69  4:50  Drone  
  70  4:57  Drone  
  71  5:02  Drone x2  
  71  5:04  Extractor  
  71  5:06  Queen, Overlord  
  71  5:07  Overlord x2  
  73  5:10  Overlord  
  73  5:12  Overlord  
  72  5:17  Drone  
  73  5:24  Overlord, Queen  
  73  5:26  Drone  
  73  5:27  Drone x3  
  79  5:30  Drone  
  79  5:31  Drone  
  79  5:35  Drone x4  
  83  5:41  Drone  
  83  5:42  Extractor  
  82  5:43  Extractor  
  82  5:44  Glial Reconstitution  
  82  5:45  Drone  
  82  5:46  Evolution Chamber  
  82  5:47  Pneumatized Carapace  
  81  5:50  Drone x4  
  81  5:51  Infestation Pit  
  84  6:00  Drone x3, Queen  
  84  6:01  Queen  
  84  6:02  Overseer  
  91  6:06  Hatchery  
  91  6:08  Overlord  
  91  6:10  Zergling x2  
  91  6:11  Zergling x2  
  92  6:16  Zergling x2  
  92  6:17  Zergling x8  
  97  6:21  Drone  
  97  6:25  Overlord  
  97  6:26  Zerg Melee Weapons Level 1  
  97  6:32  Hive  
  97  6:34  Spire  
  97  6:35  Drone x2  
  97  6:36  Drone x2  
  97  6:39  Drone x3  
  103  6:44  Overlord  
  102  6:50  Queen x2  
  106  6:58  Infestor x2  
  106  7:00  Drone x6  
  115  7:02  Drone x2, Extractor  
  115  7:04  Extractor  
  115  7:05  Drone x2  
  115  7:06  Drone  
  115  7:07  Drone  
  115  7:08  Drone  
  120  7:15  Drone x3  
  122  7:19  Queen  
  122  7:21  Spore Crawler, Overlord  
  124  7:23  Overseer  
  124  7:25  Queen  
  124  7:29  Drone  
  128  7:30  Drone, Overlord x3  
  128  7:34  Overlord  
  128  7:38  Baneling Nest  
  128  7:39  Evolution Chamber, Zergling x6  
  129  7:44  Overlord  
  129  7:46  Viper  
  129  7:47  Viper x2  
  129  7:49  Viper  
  129  7:50  Greater Spire  
  141  7:56  Zergling x14  
  148  8:11  Overlord  
  148  8:18  Zerg Missile Weapons Level 1  
  148  8:20  Zerg Ground Armor Level 1  
  148  8:24  Overseer x2  
  148  8:25  Drone  
  148  8:26  Drone x3  
  152  8:27  Drone x4  
  152  8:29  Corruptor  
  152  8:30  Corruptor x4  
  166  8:34  Centrifugal Hooks  
  166  8:35  Hatchery  
  166  8:38  Corruptor x2  
  169  8:45  Corruptor x3  
  169  8:51  Extractor  
  168  8:56  Extractor  
  168  8:58  Spire  
  168  8:59  Spore Crawler x3  
  168  9:01  Spore Crawler  
  168  9:03  Drone x2  
  168  9:05  Drone, Spore Crawler  
  168  9:07  Spore Crawler x2  
  168  9:08  Spore Crawler, Drone x4  
  171  9:14  Zerg Flyer Weapons Level 1  
  171  9:16  Brood Lord x3  
  171  9:26  Spine Crawler x2  
  171  9:28  Drone x4, Spine Crawler  
  171  9:29  Spine Crawler  
  171  9:32  Brood Lord  
  171  9:34  Brood Lord  
  175  9:43  Brood Lord x2  
  180  9:46  Zergling x18  
  180  9:50  Baneling x2  
  180  9:51  Baneling x3  
  180  9:52  Corruptor  
  191  10:00  Corruptor x3  
  197  10:14  Baneling x6  
  197  10:15  Spore Crawler  
  197  10:16  Spore Crawler  
  197  10:17  Zerg Melee Weapons Level 2  
  195  10:22  Zergling x10  
  195  10:27  Spore Crawler x2, Spine Crawler  
  195  10:28  Spine Crawler x2  
  195  10:36  Spore Crawler x3  
  195  10:37  Spore Crawler x2  
  195  10:38  Spore Crawler  
  189  10:43  Spore Crawler x2  
  189  10:44  Brood Lord  
  189  10:46  Spore Crawler  
  189  10:47  Spire  
  189  10:48  Adrenal Glands  
  186  10:50  Drone x3  
  186  10:51  Overseer  
  189  10:58  Drone x5  
  189  11:02  Zerg Ground Armor Level 2  
  194  11:08  Zerg Flyer Armor Level 1, Corruptor  
  196  11:13  Overlord  
  196  11:14  Overlord  
  196  11:17  Overlord  
  188  11:28  Drone x2  
  188  11:29  Drone x2  
  188  11:30  Spine Crawler x2  
  188  11:31  Spine Crawler  
  188  11:32  Spine Crawler  
  183  11:41  Zergling x18  
  184  11:51  Neural Parasite  
  180  11:55  Drone x4  
  180  11:59  Spore Crawler  
  180  12:00  Spore Crawler  
  182  12:03  Zerg Flyer Weapons Level 2  
  182  12:05  Corruptor  
  182  12:06  Corruptor x4  
  182  12:08  Overseer  
  192  12:09  Baneling x7  
  192  12:19  Spine Crawler  
  191  12:24  Spine Crawler  
  191  12:26  Drone x2  
  191  12:27  Drone  
  191  12:28  Drone  
  191  12:29  Spore Crawler  
  193  12:30  Drone  
  193  12:31  Drone  
  193  12:32  Spine Crawler  
  193  12:34  Overseer  
  193  12:35  Overseer  
  194  12:39  Zerg Melee Weapons Level 3  
  194  12:42  Corruptor x2  
  194  12:44  Ultralisk Cavern  
  194  13:14  Hatchery  
  194  13:15  Corruptor x2  
  194  13:16  Zerg Flyer Armor Level 2  
  194  13:18  Pathogen Glands  
  194  13:19  Burrow  
  197  13:20  Zerg Ground Armor Level 3  
  197  13:26  Hatchery  
  196  13:30  Overlord x2  
  196  13:34  Overlord  
  196  13:36  Chitinous Plating  
  196  13:39  Overlord  
  195  13:47  Zergling x8  
  195  13:48  Zergling x2  
  197  13:56  Drone x2  
  199  14:03  Spore Crawler  
  199  14:04  Drone, Spore Crawler x2  
  199  14:05  Spore Crawler  
  199  14:06  Spore Crawler x2  
  185  14:21  Corruptor  
  185  14:22  Corruptor x5  
  196  14:42  Spore Crawler  
  178  14:46  Ultralisk x3  
  178  14:52  Corruptor x5  
  191  14:55  Anabolic Synthesis  
  199  15:07  Baneling x9  
  199  15:10  Drone  
  200  15:14  Hatchery  
  200  15:15  Drone  
  200  15:42  Drone x4  
  199  15:46  Lair  
  199  15:47  Zerg Flyer Weapons Level 3, Zerg Flyer Armor Level 3  
  199  15:49  Corruptor x2  
  199  16:11  Hatchery  
  199  16:13  Extractor  
  199  16:15  Overlord  
  197  16:21  Drone x3, Spawning Pool  
  199  16:29  Drone  
  200  16:45  Hive  
  200  16:59  Overlord  
  200  17:29  Overlord  
  199  17:40  Zerg Missile Weapons Level 2  
  199  17:41  Extractor  
  199  17:42  Drone x2, Extractor  
  199  18:13  Hatchery  
  198  18:49  Spore Crawler  
  198  18:50  Spore Crawler x2  
  198  18:51  Spore Crawler  
  198  18:52  Spore Crawler  
  193  18:59  Corruptor x3  
  199  19:09  Overlord  
  198  19:44  Hatchery  
  198  19:45  Infestor x2  
  196  20:06  Zergling x10  
  196  20:07  Zergling x6  
  200  20:14  Hatchery  
  200  20:18  Zerg Missile Weapons Level 3  
  197  20:40  Overseer  
  197  20:52  Brood Lord  
  191  21:07  Hatchery  
  182  21:14  Brood Lord  
  166  21:27  Corruptor  
  166  21:28  Corruptor x12  
  147  21:34  Corruptor x2  
  135  21:42  Corruptor x3  
  141  21:48  Brood Lord x3  
  161  22:02  Drone x3  
  120  22:25  Infestor x8  
  138  22:34  Brood Lord  
  138  22:35  Brood Lord x3  
  138  22:36  Brood Lord x2  
  149  22:40  Corruptor x4  
  137  22:52  Drone, Zergling x6  
  137  22:53  Drone x2  
  137  22:58  Viper x3  
  141  23:04  Brood Lord  
  152  23:10  Zergling x6  
  152  23:13  Drone x8  
  152  23:17  Drone x7  
  147  23:28  Drone x3  
  144  24:01  Hatchery  
  143  24:23  Baneling x3  
  142  24:35  Drone x8  
  142  24:36  Drone x2  
  142  24:40  Zergling x14  
  129  25:26  Infestor x5  
  129  25:31  Zergling x8  
  129  25:34  Infestor  
  130  25:35  Infestor  
  118  25:56  Infestor x7  
  112  25:57  Zergling x6  
  103  26:26  Infestor x7  
  100  26:52  Brood Lord  
  65  29:51  Drone  
Tags
 
Add a new tag
Caveats
  • Supply blocks, unpowered buildings, or Contaminate may cause inaccurate times.
  • Supply counts are checked every 10 seconds.